 Dungeon Crawl Stone Soup version 0.29.0-11-gd7f09526c8 (webtiles) character file.

Game seed: 6569191835776371344

13 Sabo the Gusty (level 2, 20/20 HPs)
             Began as a Draconian Air Elementalist on Sept 5, 2022.
             Got out of the dungeon alive.
             The game lasted 00:05:30 (935 turns).

Sabo the Gusty (Draconian Air Elementalist)          Turns: 935, Time: 00:05:31

Health: 20/20      AC:  4    Str: 10    XL:     2   Next: 24%
Magic:  5/5        EV: 12    Int: 15    God:
Gold:   41         SH:  0    Dex: 11    Spells: 4/5 levels left

rFire   . . .      SeeInvis .   b - +0 whip
rCold   . . .      Faith    .   (no shield)
rNeg    . . .      Spirit   .   (body armour unavailable)
rPois   .          Reflect  .   (helmet restricted)
rElec   .          Harm     .   (no cloak)
rCorr   .          Rampage  .   (no gloves)
Will    .....                   (no boots)
Stlth   ++........              (no amulet)
HPRegen 0.06/turn               (no ring)
MPRegen 0.09/turn               (no ring)

@: no status effects
A: AC +4, unfitting armour, cold-blooded
a: no special abilities


You escaped.
You visited 1 branch of the dungeon, and saw 1 of its levels.

You collected 41 gold pieces.

Inventory:

Hand Weapons
 b - a +0 whip (weapon)
 e - a +0 sling
Missiles
 g - 6 atropa-tipped darts
Scrolls
 c - 2 scrolls of identify
 d - a scroll of immolation
Potions
 a - a potion of magic
 f - a potion of degeneration {unknown}
 h - a potion of heal wounds {unknown}
 i - a potion of brilliance {unknown}


   Skills:
 + Level 1.9 Dodging
 + Level 2.0 Stealth
 + Level 2.1 Spellcasting
 + Level 1.0 Conjurations
 + Level 3.3 Air Magic


You had 4 spell levels left.
You knew the following spells:

 Your Spells              Type           Power      Damage    Failure   Level
a - Shock                 Conj/Air       32%        1d5       9%          1

Your spell library contained the following spells:

 Spells                   Type           Power      Damage    Failure   Level
 Static Discharge         Conj/Air       8%         3-4/arc   14%         2
 Swiftness                Air            11%        N/A       17%         3
 Apportation              Tloc           2%         N/A       22%         1
 Necrotise                Necr           4%         1d4       22%         1
 Summon Small Mammal      Summ           4%         N/A       22%         1
 Airstrike                Air            5%         2d(1-17)  50%         4
 Portal Projectile        Hex/Tloc       2%         N/A       54%         3
 Tukima's Dance           Hex            1%         N/A       54%         3
 Blade Hands              Tmut           0%         N/A       99%         5


Dungeon Overview and Level Annotations

Branches:
Dungeon (1/15)

Altars:


Innate Abilities, Weirdness & Mutations

Your plain brown scales are hard. (AC +4)
You cannot fit into any form of body armour.
You are cold-blooded and may be slowed by cold attacks.


Message History

The bat hits you but does no damage.
You hit the bat.
You kill the bat!
You see here a bat corpse.
Found a dagger.
You see here a +0 dagger.
Found a sling.
i - a bubbling pink potion You see here a +0 sling.
Found a scroll labelled BADOONO QOFAERA.
c - 3 scrolls labelled BADOONO QOFAERA (gained 1)
You now have 41 gold pieces (gained 15).
You see here a +0 sling.
A rat comes into view.
Found 4 stones.
You barely miss the rat.
The rat bites you but does no damage. x2
You hit the rat.
You kill the rat!
You see here 4 stones.
Found a book of Cantrips.
You pick up a book of Cantrips and begin reading...
You add the spells Necrotise, Summon Small Mammal and Apportation to your library.
You see here a +0 dagger.
You see here a +0 club.
There is a stone staircase leading down here.
You see here a +0 club.
As you read the scroll labelled BADOONO QOFAERA, it crumbles to dust.
It is a scroll of identify.
d - a scroll of immolation Unknown command.
There is a stone staircase leading down here.
There is an open door here.
There is a large open door here.
There is an open door here.
There is a staircase leading out of the dungeon here.
You can't go down here!
Are you sure you want to leave the Dungeon?
This will make you lose the game!
Uppercase [Y]es or [N]o only, please.
Are you sure you want to leave the Dungeon?
This will make you lose the game!
You have escaped!

#.#.....# #...).......
#.#.###.########.#......... #)..#
#..........#.........
##.####♣.♣###'#..##........
#.#..#♣8♣#...#≈.###...##.. #.#.#
♣♣♣#.♣.#≈.###.###### #...#
#...#≈⌠#...# ########..##
####''#############
#......#.######.@#...##.####.....
#............##..'.####......####
#............#########..#.#######
#......#......#######.###.# ###..
#......#..............###.###...#
#......#......................###
#......#...........######..##)...
########.....).....#######....###
#..####..............### #


There were no monsters in sight!

Vanquished Creatures
  2 endoplasms (D:1)
  2 giant cockroaches (D:1)
  2 goblins (D:1)
  A hobgoblin (D:1)
  A quokka (D:1)
  2 bats (D:1)
  A rat (D:1)
11 creatures vanquished.

Notes
Turn   | Place    | Note
-------+----------+-------------------------------------------
     0 | D:1      | Sabo the Draconian Air Elementalist began the quest for the
                  | Orb.
     0 | D:1      | Reached XP level 1. HP: 14/14 MP: 3/3
   284 | D:1      | Reached XP level 2. HP: 19/20 MP: 3/5
   935 | D:$      | Got out of the dungeon alive.

Illustrated notes

Levels and vault maps discovered:
D:1:      sevenhm_arrival_forest_fort_small_3, layout_rooms

Skill      XL: |  1  2 |
---------------+-------+-----
Stealth        | 2 |  2.0
Dodging        | |  1.9
Spellcasting   | |  2.1
Conjurations   | |  1.0
Air Magic      | |  3.3

Action                   || total
-------------------------++-------
Melee: Whip              ||    26
       Tailslap          ||     2
 Cast: Shock             ||    11
  Use: Scroll            ||     1
Armor: Skin              ||     8
Dodge: Dodged            ||    13
